 Dungeon Crawl Stone Soup version 0.31-a0-1589-g8f5e8aebd6 (webtiles) character file.

Game seed: 10675437442212571780

80175 Flugslaktarn the Mimic (level 15, -3/133 HPs)
             Began as an Octopode Alchemist on Jan 5, 2024.
             Was a Priest of Ashenzari.
             Slain by a broodmother (16 damage)
             ... on level 4 of the Spider Nest.
             The game lasted 00:40:27 (11663 turns).

Flugslaktarn the Mimic (Octopode Alchemist)        Turns: 11663, Time: 00:40:28

Health: -3/133     AC: 21    Str:  8    XL:     15   Next: 32%
Magic:  2/30       EV: 14    Int: 28    God:    Ashenzari [***...]
Gold:   219        SH:  0    Dex: 20    Spells: 11/36 levels left

rFire   + .          .
                       - Unarmed
rCold   . . .        (no shield)
rNeg    + . .        k - +2 hat "Lashed Desperation" {Stlth+, Cun, Comp} (curse)
rPois   ∞            Q - amulet of regeneration
rElec   +            i - ring of the Eternal Negation {SInv, Melee, Comp} (curse)
rCorr   .            p - ring of the Restrained Cosmos {AC+4, Cun, Dev} (curse)
SInv    +            v - ring of Ashenzari's Black Moon {EV+5, Dev, Sorc} (curse)
Will    ++...        c - ring of protection from cold
Stlth   +++++        y - ring "Cosmic the Ego" {Fire, Self, Cun} (curse)
HPRegen 1.22/turn    m - ring of willpower
MPRegen 0.22/turn    G - ring of Ashenzari's Suspicion {rElec rPois Will+, Bglg, Comp} (curse)
                     H - ring "Dazolaik" {Will- Int+5 Dex+6}

%: clarity
@: statue-form, corroded, held, studying Unarmed Combat, very slow
A: slow and powerful, torment resistance 1, boosted hp, almost no armour,
amphibious, 8 rings, camouflage 1, (gelatinous body 1), (nimble swimmer 1),
tentacles
a: Begin Untransformation, Renounce Religion, Curse Item, Shatter the Chains


You were on level 4 of the Spider Nest.
You worshipped Ashenzari.
Ashenzari was most pleased with you.
You were a living statue of rough stone.
You visited 5 branches of the dungeon, and saw 24 of its levels.
You also visited: Gauntlet.

You collected 1719 gold pieces.
You spent 1500 gold pieces at shops.

Inventory:

Hand Weapons
 j - a +2 dagger of draining
   (You took it off a kobold on level 3 of the Dungeon)
 J - the +2 flail of Tortured Defiance {distort, Str+3}
   (You found it in a Gauntlet)

   Str+3:     It affects your strength (+3).
Missiles
 L - 2 curare-tipped darts
Armour
 k - the cursed +2 hat "Lashed Desperation" (worn) {Stlth+, Cun, Comp}
   (You found it on level 1 of the Orcish Mines)

   It has a curse which improves the following skills: Cunning: Dodging and
   Stealth.
   Companions: Summonings and Necromancy.
Magical Staves
 P - a staff of earth
   (You found it on level 5 of the Lair of Beasts)
Jewellery
 c - a ring of protection from cold (on tentacle)
   (You found it on level 5 of the Dungeon)
 g - an amulet of reflection
   (You found it on level 3 of the Dungeon)
 i - the cursed ring of the Eternal Negation (left tentacle) {SInv, Melee, Comp}
   (You found it on level 3 of the Dungeon)

   [ring of see invisible]

   SInv:      It lets you see invisible.
   It has a curse which improves the following skills: Melee Combat: Short
   Blades, Long Blades, Axes, Maces & Flails, Polearms, Staves and Unarmed
   Combat.
   Companions: Summonings and Necromancy.
 m - a ring of willpower (on tentacle)
   (You found it on level 10 of the Dungeon)
 o - a ring of poison resistance
   (You took it off a minotaur in a Gauntlet)
 p - the cursed ring of the Restrained Cosmos (right tentacle) {AC+4, Cun, Dev}
   (You found it on level 4 of the Dungeon)

   [ring of protection]

   AC+4:      It affects your AC (+4).
   It has a curse which improves the following skills: Cunning: Dodging and
   Stealth.
   Devices:   Evocations and Shapeshifting.
 r - an amulet of guardian spirit
   (You took it off an orc on level 6 of the Dungeon)
 v - the cursed ring of Ashenzari's Black Moon (on tentacle) {EV+5, Dev, Sorc}
   (You found it on level 5 of the Dungeon)

   [ring of evasion]

   EV+5:      It affects your evasion (+5).
   It has a curse which improves the following skills: Devices: Evocations and
   Shapeshifting.
   Sorcery:   Conjurations and Alchemy.
 y - the cursed ring "Cosmic the Ego" (on tentacle) {Fire, Self, Cun}
   (You found it on level 8 of the Dungeon)

   [ring of fire]

   Fire:      It enhances your fire magic.
   rF+:       It protects you from fire.
   rC-:       It makes you vulnerable to cold.
   It has a curse which improves the following skills: Introspection: Fighting
   and Spellcasting.
   Cunning:   Dodging and Stealth.
 B - a ring of wizardry
   (You found it in a Gauntlet)
 G - the cursed ring of Ashenzari's Suspicion (on tentacle) {rElec rPois Will+, Bglg, Comp}
   (You found it in a Gauntlet)

   [ring of willpower]

   rElec:     It insulates you from electricity.
   rPois:     It protects you from poison Will+: It increases your willpower.
   It has a curse which improves the following skills: Beguiling: Hexes and
   Translocations.
   Companions: Summonings and Necromancy.
 H - the ring "Dazolaik" (on tentacle) {Will- Int+5 Dex+6}
   (You found it in a Gauntlet)

   [ring of dexterity]

   Int+5:     It affects your intelligence (+5).
   Dex+6:     It affects your dexterity (+6).
   Will-:     It decreases your willpower.
 Q - an amulet of regeneration (around mantle)
   (You found it on level 5 of the Lair of Beasts)
Talismans
 b - a flux talisman
   (You found it on level 5 of the Dungeon)
 n - a granite talisman (active)
   (You bought it in a shop on level 3 of the Dungeon)
 I - a maw talisman
   (You found it in a Gauntlet)
Wands
 h - a wand of charming (19)
   (You found it on level 8 of the Dungeon)
 A - a wand of roots (11)
   (You found it on level 8 of the Dungeon)
 E - a wand of mindburst (11)
   (You found it on level 4 of the Spider Nest)
 O - a wand of light (1)
   (You found it on level 5 of the Lair of Beasts)
Scrolls
 f - a scroll of amnesia
 s - 2 scrolls of enchant weapon
 t - 4 scrolls of teleportation
 x - a scroll of fear
 C - a scroll of immolation
 D - a scroll of brand weapon
 K - a scroll of fog
 M - a scroll of butterflies
Potions
 a - 3 potions of magic
 d - 3 potions of might
 e - a potion of attraction
 l - 2 potions of mutation
 q - 2 potions of curing
 u - 3 potions of brilliance
 w - a potion of ambrosia
 z - 2 potions of lignification
Miscellaneous
 F - a condenser vane
   (You found it in a Gauntlet)


   Skills:
 - Level 8.4(10.0) Fighting
 - Level 5.2(8.1) Dodging
 - Level 2.6(5.0) Stealth
 + Level 10.2(11.7) Unarmed Combat
 + Level 9.5(11.0) Spellcasting
 - Level 1.0(1.9) Conjurations
 + Level 11.4(14.3) Summonings
 - Level 4.0 Fire Magic
 - Level 10.4(11.9) Alchemy
 - Level 3.7(5.7) Evocations
 - Level 14.5(16.6) Shapeshifting


You had 11 spell levels left.
You knew the following spells:

 Your Spells              Type           Power      Damage    Failure   Level
a - Sting                 Conj/Alch      100%       1d9       1%          1
b - Olgreb's Toxic Radia  Alch           70%        N/A       1%          4
c - Sticky Flame          Fire/Alch      74%        2d12      1%          4
d - Fulminant Prism       Conj/Alch      26%        3d14      1%          4
e - Monstrous Menagerie   Summ           38%        N/A       9%          7
f - Summon Mana Viper     Hex/Summ       54%        N/A       4%          5

Your spell library contained the following spells:

 Spells                   Type           Power      Damage    Failure   Level
 Call Imp                 Summ           100%       N/A       0%          2
 Magic Dart               Conj           100%       1d8       1%          1
 Mercury Vapours          Alch/Air       96%        N/A       1%          2
 Call Canine Familiar     Summ           77%        N/A       1%          3
 Mephitic Cloud           Conj/Alch/Air  41%        N/A       1%          3
 Searing Ray              Conj           52%        2d6       2%          2
 Freeze                   Ice            60%        1d7       3%          1
 Momentum Strike          Conj/Tloc      42%        3d9       3%          2
 Blink                    Tloc           32%        N/A       4%          2
 Lesser Beckoning         Tloc           32%        N/A       4%          2
 Ensorcelled Hibernation  Hex/Ice        30%        N/A       5%          2
 Hailstorm                Conj/Ice       20%        3d7       8%          3
 Fugue of the Fallen      Necr           17%        N/A       10%         3
 Gell's Gravitas          Tloc           16%        N/A       10%         3
 Teleport Other           Tloc           16%        N/A       10%         3
 Frozen Ramparts          Ice            30%        1d5       11%         3
 Passwall                 Erth           15%        N/A       11%         3
 Swiftness                Air            15%        N/A       11%         3
 Dispersal                Tloc           8%         N/A       99%         6
 Borgnjor's Revivificati  Necr           8%         N/A       100%        8
 Animate Armour           Summ/Erth      Unusable   N/A       N/A         4

Dungeon Overview and Level Annotations

Branches:
Dungeon (12/15)            Temple (1/1) D:4            Lair (5/5) D:9
 Spider (4/4) Lair:3          Orc (2/2) D:12            Elf (0/3) Orc:2
Gauntlet (visited)
  Swamp: Lair:2-3    Shoals: Lair:2-3     Slime: Lair:4-5

Altars:
Ashenzari
Cheibriados
Dithmenos
Elyvilon
Fedhas
Gozag
Hepliaklqana
Kikubaaqudgha
Makhleb
Nemelex Xobeh
Okawaru
Qazlal
Ru
Sif Muna
Trog
Uskayaw
Vehumet
Wu Jian
Xom
Yredelemnul
Zin
The Shining One

Shops:
D:3 =   D:5 :   Orc:2 =*[(*

Annotations:
D:6 3 runed translucent doors, p0werm0de's ghost, novice MiFi
Lair:3 swamp?


Innate Abilities, Weirdness & Mutations

You are a living statue of rough stone.
Your actions are slow, but your melee attacks are powerful.
You are resistant to unholy torment.
Your maximum health is greatly increased.
You cannot wear most types of armour.
You are amphibious.
You can wear up to eight rings at the same time.
You are immune to poison.
Your skin changes colour to match your surroundings (Stealth+).
((Your rubbery body absorbs attacks. (AC +1, EV +1)))
((You are camouflaged when in or above water. (Stealth+)))
You have tentacles for arms and can constrict up to eight enemies at once.


Message History

Your squeeze misses the redback.
The redback is almost dead.
The broodmother looks as sick as possible!
The redback looks even sicker.
You kill the redback! x2
A steelbarb worm comes into view.
The entropy weaver falters for a moment.
You tentacle-slap the entropy weaver but do no damage.
You grab the entropy weaver.
The entropy weaver is heavily wounded.
The broodmother looks as sick as possible!
You kill the culicivora!
The steelbarb worm is poisoned.
You constrict the entropy weaver.
The entropy weaver hits you but does no damage.
The entropy weaver hits you. The entropy weaver closely misses you.
The entropy weaver misses you.
The broodmother summons spiders!
The entropy weaver falters for a moment.
You tentacle-slap the entropy weaver but do no damage.
You tentacle-slap the entropy weaver, but do no damage.
You squeeze the entropy weaver, but do no damage.
The entropy weaver is severely wounded.
The tarantella is poisoned.
The orb spider is poisoned.
The redback is poisoned.
The broodmother looks as sick as possible!
The entropy weaver looks as sick as possible!
You constrict the entropy weaver.
You kill the orb spider!
The orb spider's corpse disappears in a puff of smoke!
The broodmother summons spiders!
The entropy weaver falters for a moment.
The broodmother bites you!
A spider bursts forth from the wound!
You bludgeon the broodmother!
The broodmother is moderately wounded.
The orb spider looks even sicker.
The orb spider is poisoned.
The redback looks even sicker.
The jumping spider is poisoned. x2
The entropy weaver looks as sick as possible!
Your toxic aura wanes.
You constrict the entropy weaver, but do no damage.
The tarantella completely misses you. The entropy weaver barely misses you.
The entropy weaver misses you. x2; The entropy weaver hits you!
The jumping spider completely misses you.
The jumping spider barely misses you. The jumping spider pounces on you!
The jumping spider misses you. The broodmother closely misses you.
The entropy weaver closely misses you. The entropy weaver barely misses you.
The entropy weaver closely misses you.
The entropy weaver completely misses you.
Casting: Olgreb's Toxic Radiance (safe; 1% risk of failure)
Confirm with . or Enter, or press ? or * to list all spells.
Aiming: Sticky Flame (mildly dangerous; 1% risk of failure)
Press: ? - help, Shift-Dir - straight line, f - broodmother
Aim: a broodmother (moderately wounded, extremely poisoned)
You feel a surge of power!
The sticky flame hits the broodmother.
The broodmother is moderately wounded.
You constrict the entropy weaver, but do no damage.
The broodmother burns! x2; The jumping spider leaps!
The jumping spider misses you. The jumping spider closely misses you.
The redback misses you. The broodmother barely misses you.
The jumping spider pounces on you but does no damage.
The jumping spider completely misses you.
The redback misses you.
The entropy weaver completely misses you.
The entropy weaver hits you but does no damage. x2
The entropy weaver closely misses you.
The broodmother bites you but does no damage.
The jumping spider barely misses you.
The jumping spider completely misses you.
You tentacle-slap the broodmother but do no damage.
The broodmother is heavily wounded.
You constrict the entropy weaver.
The broodmother burns!
The redback misses you.
The entropy weaver hits you but does no damage.
The entropy weaver hits you.
* * * LOW HITPOINT WARNING * * *
The entropy weaver completely misses you.
The entropy weaver closely misses you.
The jumping spider pounces on you but does no damage.
The jumping spider barely misses you. The redback barely misses you.
The broodmother misses you.
The entropy weaver falters for a moment.
You batter the broodmother!!
The broodmother is severely wounded.
You constrict the entropy weaver, but do no damage.
The orb spider looks more healthy.
The jumping spider looks more healthy. x2
The broodmother burns!
The jumping spider closely misses you.
The jumping spider completely misses you.
The jumping spider pounces on you but does no damage.
The jumping spider closely misses you. The redback misses you.
The broodmother completely misses you. The jumping spider pounces on you!
* * * LOW HITPOINT WARNING * * *
You are caught in a web!
The jumping spider misses you. x2
The jumping spider bites you.
* * * LOW HITPOINT WARNING * * *
The entropy weaver hits you but does no damage.
The entropy weaver hits you!
* * * LOW HITPOINT WARNING * * *
The entropy weaver hits you but does no damage.
The entropy weaver closely misses you. The redback bites you.
* * * LOW HITPOINT WARNING * * *
The broodmother bites you!
You die...

# ....#....#..††..#^#......#^..#.
.##...#..#..#.##....#..#.###.....
.......†††.#^^..^..#..^..#.^...#
....#.#...##....^...#...#..#^..
#...#.#....#.##..^..^#........#
..#<....#....#.s(^##^..#^..^###^s
......#.##...#..#s#..^^##..##.#{#
...##....#...#.ss.#...^#....^s..#
###..#..{#.#...#8s#.^.^#.†...#.ss
#..##.......##sB#.##.†....ss.ss
#.^....^.^...#.ws....#..#########
.^s.^.####......#....#...^#
.^.##. ###$...........^#####..
##^ ^ ..#...#.#..^......~~# .###
.......#.#.#.......### #
#....#...........#
.##..s.##....bs.##


You could see a broodmother (burning, very poisoned), an entropy weaver
(extremely poisoned, magic disrupted), a steelbarb worm (poisoned), 2 orb
spiders, 2 jumping spiders, a tarantella (summoned, poisoned) and a redback
(summoned, very poisoned).

Vanquished Creatures
  6 emperor scorpions
  A ghost moth (Spider:4)
  3 broodmothers (Spider:4)
  An orc warlord (Orc:2)
  A minotaur (Gauntlet)
  An entropy weaver (Spider:4)
  A two-headed ogre (D:9)
  A centaur warrior (D:11)
  A hydra (Lair:4)
  2 boulder beetles
  4 orc high priests (Orc:2)
  2 demonic crawlers
  2 pharaoh ants (Spider:4)
  A skyshark (Lair:4)
  4 orb spiders
  2 steelbarb worms
  2 lindwurms (Lair:5)
  4 orc knights
  A deep elf zephyrmancer (Orc:1)
  A deep elf pyromancer (Orc:1)
  8 wolf spiders
  3 orc sorcerers (Orc:2)
  5 elephants
  A moth of wrath (Spider:3)
  2 black mambas
  7 meliai
  7 cane toads
  Maggie (Lair:1)
  Jeremiah (Lair:1)
  3 komodo dragons
  A kobold demonologist (D:9)
  3 torpor snails
  A rime drake (Lair:4)
  2 trolls
  4 polar bears (Lair:5)
  11 tarantellas
  Grinder (D:5)
  3 blink frogs (Lair:3)
  5 hornets (Lair:5)
  8 dream sheep
  17 jumping spiders
  A shadow (D:11)
  10 culicivoras
  13 spriggans (Lair:5)
  2 basilisks
  36 yaks
  A wraith (D:11)
  A warg (D:9)
  Eustachio (D:5)
  A steam dragon (D:7)
  27 redbacks
  A hell hound (Gauntlet)
  5 water moccasins
  18 orc warriors
  A swamp drake (Orc:1)
  8 black bears
  3 boggarts (Lair:5)
  2 centaurs (D:9)
  2 ogres
  20 wolves
  A phantom (D:5)
  2 kobold brigands
  A gnoll sergeant (D:10)
  6 bullfrogs
  A scorpion (D:7)
  4 wights (D:7)
  4 killer bees
  3 electric eels (Lair:5)
  A howler monkey (D:6)
  A crimson imp (Orc:1)
  2 jellies
  A gnoll bouda (D:4)
  20 orc priests
  2 hounds
  An iron imp (Orc:1)
  A sleepcap (D:4)
  2 iguanas
  5 hell rats (Lair:5)
  24 orc wizards
  12 gnolls
  10 adders
  A shadow imp (Orc:1)
  3 white imps
  2 ufetubi (D:5)
  80 orcs
  7 endoplasms
  5 giant cockroaches
  7 goblins
  5 hobgoblins
  16 kobolds
  2 quokkas (D:4)
  4 ball pythons
  2 frilled lizards
526 creatures vanquished.

Vanquished Creatures (collateral kills)
  A torpor snail (Spider:4)
1 creature vanquished.

Vanquished Creatures (others)
  2 fulminant prisms (Orc:2)
2 creatures vanquished.

Grand Total: 529 creatures vanquished

Notes
Turn   | Place    | Note
-------+----------+-------------------------------------------
     0 | D:1      | Flugslaktarn the Octopode Alchemist began the quest for the
                  | Orb.
     0 | D:1      | Reached XP level 1. HP: 11/11 MP: 3/3
   214 | D:2      | Found a stormy altar of Qazlal.
   236 | D:2      | Reached XP level 2. HP: 12/17 MP: 1/5
   294 | D:2      | Reached XP level 3. HP: 18/21 MP: 1/6
   296 | D:3      | Found Otseotedd's Jewellery Emporium.
   428 | D:3      | Noticed a black bear
   523 | D:3      | Reached XP level 4. HP: 27/27 MP: 6/8
   814 | D:3      | Learned a level 4 spell: Olgreb's Toxic Radiance
   897 | D:4      | Found a staircase to the Ecumenical Temple.
   910 | D:4      | Reached skill level 5 in Alchemy
   959 | Temple   | Entered the Ecumenical Temple
   987 | D:4      | Reached XP level 5. HP: 24/31 MP: 1/9
  1204 | D:4      | Reached XP level 6. HP: 36/36 MP: 0/11
  1443 | D:4      | Found a shimmering altar of Xom.
  1486 | D:4      | Found a blossoming altar of Fedhas.
  1773 | D:5      | Entered Level 5 of the Dungeon
  1880 | Temple   | Became a worshipper of Ashenzari the Shackled
  2225 | D:5      | Reached XP level 7. HP: 26/41 MP: 13/13
  2344 | D:5      | Noticed Grinder
  2379 | D:5      | Found a sparkling altar of Nemelex Xobeh.
  2577 | D:5      | Noticed Eustachio
  2719 | D:5      | Found Tyxtut's Self-Published Books.
  2728 | D:5      | Paralysed by Grinder for 2 turns
  2735 | D:5      | Paralysed by Grinder for 5 turns
  2749 | D:5      | Killed Grinder
  2750 | D:5      | Reached skill level 5 in Spellcasting
  2750 | D:5      | Reached XP level 8. HP: 19/46 MP: 11/16
  2901 | D:5      | Killed Eustachio
  2970 | D:6      | Found a hide-covered altar of Uskayaw.
  3037 | D:6      | Reached * piety under Ashenzari
  3066 | D:6      | Reached skill level 10 in Alchemy
  3195 | D:6      | Found a runed translucent gate.
  3195 | D:6      | Found a runed translucent gate.
  3195 | D:6      | Found a runed translucent gate.
  3198 | D:6      | Noticed p0werm0de's ghost (novice MiFi)
  3241 | D:6      | Found a shimmering blue altar of Sif Muna.
  3410 | D:7      | Reached skill level 1 in Fire Magic
  3410 | D:7      | Reached XP level 9. HP: 30/51 MP: 13/19
  3430 | D:7      | Learned a level 4 spell: Sticky Flame
  3521 | D:7      | Found a snail-covered altar of Cheibriados.
  3523 | D:7      | Found a stormy altar of Qazlal.
  3525 | D:7      | Found a hazy altar of Hepliaklqana.
  4443 | D:9      | Reached skill level 1 in Fighting
  4443 | D:9      | Reached skill level 1 in Shapeshifting
  4443 | D:9      | Reached XP level 10. HP: 50/60 MP: 1/24
  4456 | D:9      | Noticed a kobold demonologist
  4553 | D:9      | Found a staircase to the Lair.
  4553 | D:9      | Noticed a two-headed ogre
  4563 | D:9      | Killed a kobold demonologist
  4564 | D:9      | Reached skill level 2 in Shapeshifting
  4578 | D:9      | Killed a two-headed ogre
  4606 | D:9      | Reached skill level 3 in Shapeshifting
  4705 | D:9      | Found a bloodstained altar of Trog.
  5129 | D:10     | Entered Level 10 of the Dungeon
  5240 | D:11     | Reached skill level 4 in Shapeshifting
  5350 | D:11     | Noticed a centaur warrior
  5362 | D:11     | Killed a centaur warrior
  5363 | D:11     | Reached skill level 5 in Fighting
  5363 | D:11     | Reached skill level 5 in Dodging
  5517 | D:11     | Reached skill level 5 in Shapeshifting
  5517 | D:11     | Reached XP level 11. HP: 56/72 MP: 18/25
  5579 | D:12     | Found a staircase to the Orcish Mines.
  5591 | D:12     | Found a gate leading to a gauntlet.
  5597 | Gauntlet | Entered a Gauntlet
  5597 | Gauntlet | Noticed a soul eater
  5597 | Gauntlet | Found a transporter.
  5597 | Gauntlet | Found a transporter.
  5598 | Gauntlet | Found a transporter.
  5601 | Gauntlet | Found a transporter.
  5601 | Gauntlet | Found a transporter.
  5615 | Gauntlet | Found a transporter.
  5616 | Gauntlet | Found a transporter.
  5616 | Gauntlet | Identified the ring of Mahufatu {rElec rPois Will+}
  5617 | Gauntlet | Found a transporter.
  5617 | Gauntlet | Found a transporter.
  5617 | Gauntlet | Noticed a wolf spider
  5617 | Gauntlet | Noticed an entropy weaver
  5618 | Gauntlet | Noticed a great orb of eyes
  5622 | Gauntlet | Noticed a hell beast
  5624 | Gauntlet | Noticed a brown ugly thing
  5625 | Gauntlet | Found a transporter.
  5625 | Gauntlet | Identified the ring "Dazolaik" {Will- Int+5 Dex+6}
  5631 | Gauntlet | Found a transporter.
  5653 | Gauntlet | Identified the +0 cloak of Pan-Flutes {Rampage rC- rN+++
                  | Int-5}
  5667 | Gauntlet | Found a transporter.
  5672 | Gauntlet | Noticed a soul eater
  5744 | Gauntlet | Identified the +1 ring mail of Uphixkot {Regen+ Str+3 Int+3
                  | Stlth+}
  5837 | Gauntlet | Identified the +2 flail of Tortured Defiance {distort,
                  | Str+3}
  5837 | Gauntlet | Identified the +2 steam dragon scales of the Iron Devil
                  | {Dex+7}
  5837 | Gauntlet | Identified the +1 glaive of Ximpumus {vamp, rCorr Int+3
                  | Stlth-}
  5837 | Gauntlet | Noticed a minotaur
  5850 | Gauntlet | Killed a minotaur
  5851 | Gauntlet | Reached skill level 6 in Shapeshifting
  5908 | Gauntlet | Reached ** piety under Ashenzari
  5928 | Orc:1    | Entered Level 1 of the Orcish Mines
  6326 | Orc:2    | Entered Level 2 of the Orcish Mines
  6332 | Orc:2    | Reached skill level 7 in Shapeshifting
  6337 | Orc:2    | Learned a level 4 spell: Fulminant Prism
  6511 | Orc:2    | Reached *** piety under Ashenzari
  6516 | Orc:2    | Noticed an orc high priest
  6517 | Orc:2    | Noticed an orc sorcerer
  6522 | Orc:2    | Noticed an orc sorcerer
  6526 | Orc:2    | Killed an orc sorcerer
  6528 | Orc:2    | Killed an orc high priest
  6529 | Orc:2    | Reached skill level 8 in Shapeshifting
  6535 | Orc:2    | Killed an orc sorcerer
  6540 | Orc:2    | Noticed an orc knight
  6575 | Orc:2    | Noticed an orc knight
  6606 | Orc:2    | Reached skill level 1 in Evocations
  6606 | Orc:2    | Killed an orc knight
  6608 | Orc:2    | Noticed an orc warlord
  6614 | Orc:2    | Killed an orc knight
  6629 | Orc:2    | Noticed an orc knight
  6629 | Orc:2    | Killed an orc warlord
  6630 | Orc:2    | Reached skill level 9 in Shapeshifting
  6634 | Orc:2    | Noticed an orc high priest
  6638 | Orc:2    | Noticed a sun demon
  6847 | Orc:2    | Found Hehoz's Gadget Gallery.
  6883 | Orc:2    | Found a staircase to the Elven Halls.
  7034 | Orc:2    | Noticed an orc sorcerer
  7042 | Orc:2    | Killed an orc sorcerer
  7128 | Orc:2    | Killed an orc knight
  7129 | Orc:2    | Reached skill level 10 in Shapeshifting
  7129 | Orc:2    | Reached XP level 12. HP: 43/80 MP: 6/26
  7138 | Orc:2    | Noticed an orc high priest
  7149 | Orc:2    | Found Doxobeesh's General Store.
  7150 | Orc:2    | Found Liativum's Jewellery Emporium.
  7151 | Orc:2    | Found Zeym's Antique Armour Emporium.
  7151 | Orc:2    | Found Jaunkiz's Antique Weapon Shoppe.
  7355 | Orc:2    | Identified the cursed +1 short sword "Sibylline Malaise"
                  | {drain, Self, Range} (You took it off a kobold brigand on
                  | level 5 of the Dungeon)
  7499 | Orc:2    | Killed an orc high priest
  7566 | Orc:2    | Killed an orc high priest
  7600 | Orc:2    | Noticed an orc high priest
  7709 | Orc:2    | Killed an orc high priest
  8014 | Orc:1    | Reached skill level 11 in Shapeshifting
  8743 | D:3      | Bought a granite talisman for 780 gold pieces
  8946 | Lair:1   | Entered Level 1 of the Lair of Beasts
  8984 | Lair:1   | Noticed Jeremiah
  9006 | Lair:1   | Killed Jeremiah
  9025 | Lair:1   | Noticed Maggie
  9032 | Lair:1   | Killed Maggie
  9101 | Lair:3   | Reached skill level 12 in Shapeshifting
  9168 | Lair:4   | Noticed a skyshark
  9179 | Lair:4   | Noticed an eight-headed hydra
  9188 | Lair:4   | Killed an eight-headed hydra
  9224 | Lair:2   | Noticed a death yak
  9224 | Lair:2   | Noticed a death yak
  9224 | Lair:2   | Noticed a death yak
  9224 | Lair:2   | Noticed a death yak
  9345 | Lair:3   | Reached skill level 13 in Shapeshifting
  9392 | Lair:3   | Found an ornate altar of the Wu Jian Council.
  9392 | Lair:3   | Found a hide-covered altar of Uskayaw.
  9392 | Lair:3   | Noticed a boulder beetle
  9401 | Lair:3   | Killed a boulder beetle
  9429 | Lair:3   | Reached XP level 13. HP: 58/84 MP: 13/27
  9492 | Lair:4   | Reached skill level 14 in Shapeshifting
  9586 | Lair:4   | HP: 3/84 [yak (11)]
  9604 | Lair:3   | Reached **** piety under Ashenzari
  9767 | Lair:5   | Entered Level 5 of the Lair of Beasts
  9809 | Lair:5   | Found the +3 pair of seven-league boots {Rampage+∞}
  9843 | Lair:5   | Reached skill level 1 in Unarmed Combat
  9843 | Lair:5   | Reached skill level 1 in Summonings
  9935 | Lair:5   | Reached skill level 5 in Unarmed Combat
  9974 | Lair:5   | Got an earthy gem with 2589 turns to spare
 10225 | Lair:5   | Reached XP level 14. HP: 55/95 MP: 4/28
 10371 | Lair:3   | Found a hole to the Spider Nest.
 10622 | D:5      | Bought Thyrsus's Codex of the Stone Book for 720 gold
                  | pieces
 10871 | Lair:3   | Reached skill level 5 in Summonings
 10882 | Spider:1 | Entered Level 1 of the Spider Nest
 11025 | Spider:4 | Entered Level 4 of the Spider Nest
 11064 | Spider:4 | Noticed a ghost moth
 11064 | Spider:4 | Noticed a broodmother
 11072 | Spider:4 | Killed a ghost moth
 11079 | Spider:4 | Killed a broodmother
 11103 | Spider:4 | Noticed a broodmother
 11118 | Spider:4 | Killed a broodmother
 11124 | Spider:4 | Noticed a broodmother
 11141 | Spider:4 | Noticed an emperor scorpion
 11142 | Spider:4 | Noticed an emperor scorpion
 11143 | Spider:4 | Noticed an emperor scorpion
 11143 | Spider:4 | Noticed an emperor scorpion
 11207 | Spider:4 | Learned a level 7 spell: Monstrous Menagerie
 11212 | Spider:4 | Noticed an emperor scorpion
 11237 | Spider:4 | HP: 4/128 [emperor scorpion (5)]
 11367 | Spider:3 | Killed an emperor scorpion
 11377 | Spider:4 | Reached skill level 10 in Summonings
 11422 | Spider:3 | Noticed an emperor scorpion
 11435 | Spider:3 | Killed an emperor scorpion
 11436 | Spider:3 | Reached XP level 15. HP: 103/103 MP: 9/29
 11450 | Spider:3 | Learned a level 5 spell: Summon Mana Viper
 11473 | Spider:3 | Killed an emperor scorpion
 11479 | Spider:3 | Killed an emperor scorpion
 11530 | Spider:4 | Killed an emperor scorpion
 11615 | Spider:4 | Killed an emperor scorpion
 11621 | Spider:4 | Reached skill level 10 in Unarmed Combat
 11663 | Spider:4 | Slain by a broodmother

Illustrated notes

Levels and vault maps discovered:
D:1:      minmay_arrival_four_houses, layout_loops_corners, minmay_pentomino_p2
D:2:      layout_basic, basic_altar, minmay_misc_feat_plants, minmay_ruptured
D:3:      minmay_evil_eye, layout_basic, serial_shops, nicolae_shop_gaudy_bauble
D:4:      layout_loops_ring, lemuel_doored_altar, fedhas_altar_fruit_tree,
          temple_pool_b, minmay_increasing_density
D:5:      layout_basic, mainiacjoe_overflow_boulevard, nicolae_custom_books,
          uniq_eustachio, uniq_grinder
D:6:      minmay_cornered_nines, layout_basic, mainiacjoe_overflow_paths,
          nicolae_uskayaw_dance_hall, biasface_ghost_orc_armoury
D:7:      layout_basic, grunt_temple_overflow_diamond, feat_on_display
D:8:      layout_loops_corners, roderic_batcave, st_stairs_3, chequers_avenue
D:9:      layout_loops_ring, bloody_trog, erik_lair_orcish_takeover
D:10:     layout_rooms, minivault_14
D:11:     layout_roguey, uniq_snorg
D:12:     layout_grid_maze, david_orc_2, gauntlet_entry_generic, uniq_maurice
Temple:   nicolae_temple_figure_eight
Lair:1:   layout_roguey, gammafunk_ghost_cemetery, uniq_maggie, uniq_jeremiah
Lair:2:   layout_loops_ring, minivault_25, lemuel_fruit_fields,
          grunt_megastairs_4
Lair:3:   layout_regular_city, mainiacjoe_swamp_entry_angry_trees,
          spider_nest_entry_funnel_web, nzn_masters_of_martial_movement
Lair:4:   layout_misc_corridors, dpeg_slime_entry_enclosed, serial_bayou_pond_d
Lair:5:   minmay_lair_end_enchanted_forest, layout_concentric_octagons,
          chequers_serial_rivers_micro_a, disabler_island,
          infiniplex_staircase_pool
Spider:1: layout_spider_delve, uniq_louise
Spider:2: layout_spider_delve, hangedman_spider_tarantella_strand
Spider:3: layout_spider_delve, nicolae_spider_jagged_tunnels
Spider:4: hellmonk_spider_rune_endless_swarm
Orc:1:    layout_caves, hangedman_minor_magic
Orc:2:    st_orc_congregation, layout_caves, nicolae_shop_gadgets

Skill      XL: |  1  2  3  4  5  6  7  8  9 10 11 12 13 14 15 |
---------------+----------------------------------------------+-----
Alchemy        | 4 5 6 7 8 10 | 10.4
Spellcasting   | 3 4 5 6 8 9 |  9.5
Fire Magic     | 1 4 |  4.0
Fighting       | 1 5 7 8 |  8.4
Shapeshifting  | 1 5 10 13 14 | 14.5
Dodging        | 5 |  5.2
Evocations     | 3 |  3.7
Unarmed Combat | 6 8 10 | 10.2
Summonings     | 4 10 11 | 11.4
Stealth        | |  2.6
Conjurations   | |  1.0

Action                     |  1- 3 |  4- 6 |  7- 9 | 10-12 | 13-15 || total
---------------------------+-------+-------+-------+-------+-------++-------
  Melee: Dagger            |    31 |    54 |    15 |       |       ||   100
         Tentacles         |     8 |     7 |    36 |    68 |   120 ||   239
         Constrict         |     7 |     7 |    31 |    51 |    62 ||   158
         Unarmed           |     2 |       |       |   140 |   374 ||   516
         Punch             |     1 |       |     2 |     2 |    28 ||    33
         Short sword       |       |       |    95 |    65 |       ||   160
   Cast: Sting             |    23 |    77 |    55 |    28 |       ||   183
         Olgreb's Toxic Ra |       |     1 |    19 |    99 |    73 ||   192
         Sticky Flame      |       |       |     4 |    29 |    15 ||    48
         Fulminant Prism   |       |       |       |     2 |       ||     2
         Monstrous Menager |       |       |       |       |     6 ||     6
         Summon Mana Viper |       |       |       |       |     1 ||     1
 Invoke: Curse Item        |       |       |     3 |     4 |     1 ||     8
         Shatter the Chain |       |       |       |     1 |     1 ||     2
  Evoke: Wand              |       |       |       |    12 |     6 ||    18
         Condenser vane    |       |       |       |     1 |       ||     1
    Use: Scroll            |       |     1 |    10 |     7 |     4 ||    22
         Potion            |       |       |     3 |     8 |     5 ||    16
   Stab: Invisible         |       |       |     1 |       |       ||     1
         Sleeping          |       |       |       |     3 |     2 ||     5
         Distracted        |       |       |       |     1 |     1 ||     2
 Armour: Skin              |    12 |    43 |    36 |   153 |   788 ||  1032
  Dodge: Dodged            |    24 |    56 |    75 |   347 |  1281 ||  1783
  Block: Other             |       |    18 |    19 |    11 |       ||    48
         Reflection        |       |       |     1 |     1 |       ||     2
   Form: Beast             |       |       |     1 |       |       ||     1
         Flux              |       |       |       |     3 |     2 ||     5
                           |       |       |       |     2 |       ||     2
         Statue            |       |       |       |     1 |     3 ||     4

Table legend: (Time is in decaauts)
 A = Elapsed time spent in this place.
 B = Non-inter-level travel time spent in this place.
 C = Inter-level travel time spent in this place.
 D = Time resting spent in this place.
 E = Time spent auto-exploring this place.
 F = Levels seen in this place.
 G = Mean time per level.
                   A        B        C        D        E       F      G
               +--------+--------+--------+--------+--------+-----+--------+
         Total |  12231 |  10783 |   1448 |    647 |   4389 |  25 |  489.2 |
       Dungeon |   6310 |   5280 |   1030 |      0 |   3035 |  12 |  525.8 |
        Temple |     55 |      9 |     46 |      0 |      0 |   1 |   55.0 |
          Lair |   1832 |   1602 |    230 |    111 |      0 |   5 |  366.4 |
   Spider Nest |   1148 |   1148 |      0 |      0 |      0 |   4 |  287.0 |
  Orcish Mines |   2595 |   2453 |    142 |    511 |   1221 |   2 | 1297.5 |
      Gauntlet |    289 |    289 |      0 |     25 |    133 |   1 |  289.0 |
               +--------+--------+--------+--------+--------+-----+--------+

Top non-repeatable levels by time:
   Orc:2: 1445 daAuts
     D:4: 1189 daAuts
   Orc:1: 1149 daAuts
     D:5: 932 daAuts
     D:9: 886 daAuts
     D:8: 771 daAuts
     D:7: 650 daAuts
  Lair:5: 649 daAuts
  Lair:3: 596 daAuts
Spider:4: 504 daAuts
Spider:3: 495 daAuts
     D:3: 477 daAuts
     D:6: 432 daAuts
    D:11: 320 daAuts
Gauntlet: 289 daAuts
